[Event "Saturday 28 April Rapid Engine Tour 12+1 Rounds 9 Starts 1600ST"]
[Site "Infinity Chess"]
[Date "2018.4.28"]
[Round "5"]
[White "Thinker"]
[Black "Murx"]
[Result "1/2-1/2"]
[ECO "C50"]
[WhiteElo "2442"]
[BlackElo "2500"]
[WhiteEngine "BrainFish_180418_x64_modern_CTG"]
[BlackEngine "asmFishW_2018-04-07_popcnt"]
[EventType "Swiss"]
[WhiteTeam ""]
[BlackTeam ""]
[PlyCount "37"]
[TimeControl "720+1"]

1. e4 e5 2. Nf3 Nc6 3. Bc4 Bc5 4. O-O Nf6 5. d3 d6 6. c3 O-O 7. h3 a5 8. Nbd2 h6 
9. Re1 Be6 10. a4 Ba7 11. Bxe6 fxe6 12. Nc4 Bc5 13. Be3 Bxe3 14. Rxe3 Nd7 
15. Ncd2 Nc5 16. Nb3 Nd7 17. Nbd2 Nc5 18. Nb3 Nd7 19. Nbd2 1/2-1/2

[Event "Saturday 28 April Rapid Engine Tour 12+1 Rounds 9 Starts 1600ST"]
[Site "Infinity Chess"]
[Date "2018.4.28"]
[Round "5"]
[White "KRAKEN"]
[Black "Eman"]
[Result "1/2-1/2"]
[ECO "A46"]
[WhiteElo "2541"]
[BlackElo "2459"]
[WhiteEngine "Raubfisch ME262_GTZ17b2_CTG"]
[BlackEngine "Eman 1.70-beta27 64-bit BMI2"]
[EventType "Swiss"]
[WhiteTeam ""]
[BlackTeam ""]
[PlyCount "94"]
[TimeControl "720+1"]

1. d4 Nf6 2. Nf3 e6 3. c4 d5 4. Nc3 c6 5. Bg5 dxc4 6. e4 b5 7. e5 h6 8. Bh4 g5 
9. Nxg5 hxg5 10. Bxg5 Nbd7 11. exf6 Bb7 12. g3 c5 13. d5 Nxf6 14. Bg2 Bh6 
15. Bxf6 Qxf6 16. O-O O-O-O 17. Nxb5 a6 18. Nc3 exd5 19. Na4 Bc6 20. Rb1 Bf8 
21. Rc1 Qf5 22. h4 Rh6 23. Re1 Re6 24. Rf1 Rh6 25. Nb6+ Kc7 26. Na4 Qg6 
27. Qe1 Bxa4 28. Qa5+ Qb6 29. Qxa4 Bg7 30. Rce1 Re6 31. Bh3 Qb5 32. Qd1 Rxe1 
33. Qxe1 Kb6 34. b3 c3 35. Qe7 Qe8 36. Qg5 Bd4 37. Bf5 Rd6 38. Bd3 Qe5 
39. Qg8 Rf6 40. Kg2 Kb7 41. Qd8 Qe6 42. f4 c2 43. Re1 Qxe1 44. Qd7+ Kb6 
45. Qd8+ Kb7 46. Qd7+ Kb6 47. Qd8+ Kb7 1/2-1/2

[Event "Saturday 28 April Rapid Engine Tour 12+1 Rounds 9 Starts 1600ST"]
[Site "Infinity Chess"]
[Date "2018.4.28"]
[Round "5"]
[White "Medusa"]
[Black "KhalidOmar"]
[Result "1/2-1/2 "]
[ECO "E16"]
[WhiteElo "2460"]
[BlackElo "2461"]
[WhiteEngine "Eman 1.70-beta23 64-bit POPCNT"]
[BlackEngine "Eman 1.70-beta27 64-bit BMI2"]
[EventType "Swiss"]
[WhiteTeam ""]
[BlackTeam ""]
[PlyCount "225"]
[TimeControl "720+1"]

1. d4 Nf6 2. c4 e6 3. Nf3 b6 4. g3 Bb7 5. Bg2 Bb4+ 6. Bd2 Bxd2+ 7. Qxd2 O-O 
8. O-O d5 9. cxd5 exd5 10. Nc3 Re8 11. Rac1 Nbd7 12. Nb5 c5 13. Nd6 Ne4 
14. Nxb7 Qb8 15. Qc2 Qxb7 16. dxc5 bxc5 17. Rfd1 f5 18. Nd2 Ndf6 19. Nxe4 fxe4 
20. Qxc5 Qxb2 21. Rc2 Qe5 22. Bh3 Re7 23. a4 Rae8 24. a5 h5 25. a6 h4 
26. Kg2 Rf7 27. Qd4 Qg5 28. Rb2 Ree7 29. Rb5 hxg3 30. fxg3 Kh7 31. Rf1 Ng4 
32. Bxg4 Qxg4 33. Re1 Rf6 34. h3 Qe6 35. Rxd5 e3 36. Rh5+ Kg8 37. g4 Qxa6 
38. Qd8+ Kf7 39. Rh8 Rf2+ 40. Kg3 Qc6 41. Qf8+ Ke6 42. Qg8+ Ref7 43. Qc8+ Qxc8 
44. Rxc8 Re7 45. h4 g6 46. Rc6+ Kf7 47. Ra6 Kg7 48. Ra5 Kf6 49. Ra6+ Kg7 
50. Ra2 Kg8 51. Ra3 Kf8 52. Ra4 Rc7 53. Ra6 Kf7 54. Ra3 Re7 55. Ra2 Kg7 
56. Raa1 Kf8 57. Ra2 Kf7 58. Ra4 Kg8 59. Ra3 Kg7 60. Ra6 Kf7 61. Rc6 Kg7 
62. Rc5 Kg8 63. Ra5 Kf7 64. Rd5 Rc7 65. Re5 Re7 66. Rxe3 Rxe3+ 67. Kxf2 Rh3 
68. Ra1 Rxh4 69. Kg3 g5 70. Rxa7+ Kf6 71. Ra5 Rh8 72. Ra1 Re8 73. Kf3 Rf8 
74. e3 Ke5+ 75. Ke2 Rc8 76. Ra6 Ke4 77. Ra4+ Ke5 78. Ra1 Rc4 79. Ra5+ Kf6 
80. Kf3 Rc3 81. Ra8 Rc4 82. Ra6+ Kg7 83. Ra5 Kg6 84. Ra3 Kf6 85. Ra6+ Kg7 
86. Ra7+ Kf6 87. Rh7 Rc1 88. Rb7 Rf1+ 89. Ke2 Ra1 90. Rb4 Ra2+ 91. Kf3 Rd2 
92. Rb3 Rd1 93. Ra3 Rd8 94. Ra1 Kg6 95. Ra3 Kg7 96. Ra7+ Kf6 97. Ra5 Kg6 
98. Ra4 Rd1 99. Ke2 Rd8 100. Rc4 Re8 101. Kf3 Rf8+ 102. Kg3 Re8 103. Rc3 Rg8 
104. Ra3 Re8 105. Kf3 Rf8+ 106. Kg2 Rb8 107. Rc3 Rb4 108. Kf3 Ra4 109. Rc1 Kf6 
110. Rc5 Ra3 111. Rc8 Ra4 112. Rf8+ Kg7 113. Re8 1/2-1/2

[Event "Saturday 28 April Rapid Engine Tour 12+1 Rounds 9 Starts 1600ST"]
[Site "Infinity Chess"]
[Date "2018.4.28"]
[Round "5"]
[White "star99"]
[Black "Dovahkiin"]
[Result "1-0"]
[ECO "D30"]
[WhiteElo "2467"]
[BlackElo "2391"]
[WhiteEngine "Cryptic Heroes 9.4B"]
[BlackEngine "BrainFish_180423_x64_modern_CTG"]
[EventType "Swiss"]
[WhiteTeam ""]
[BlackTeam ""]
[PlyCount "97"]
[TimeControl "720+1"]

1. d4 d5 2. c4 e6 3. Nf3 Nf6 4. Nc3 c6 5. Bg5 h6 6. Bxf6 Qxf6 7. e3 Nd7 
8. Be2 g6 9. O-O Bg7 10. e4 dxe4 11. Nxe4 Qf4 12. Qc2 f5 13. Nc3 Bxd4 14. g3 Qd6 
15. Rad1 e5 16. Rfe1 O-O 17. Qd2 Qf6 18. Nxd4 exd4 19. Qxd4 Qxd4 20. Rxd4 Re8 
21. Rdd1 Kf7 22. Na4 Nf6 23. b3 Re7 24. Rd8 b6 25. c5 b5 26. Nb2 Bb7 
27. Rxa8 Bxa8 28. Nd3 a5 29. f4 g5 30. Ne5+ Kg7 31. Kg2 Bb7 32. Rd1 Nd5 
33. Kf3 Nc3 34. Rd8 Nxa2 35. Bd3 Kf6 36. Nd7+ Kg7 37. Bxf5 a4 38. bxa4 bxa4 
39. fxg5 hxg5 40. Kg4 a3 41. Kxg5 Nb4 42. Nf6 a2 43. Nh5+ Kf7 44. Bg6+ Ke6 
45. Rd1 Ke5 46. h4 Rd7 47. Ra1 Ba6 48. Nf4 Kd4 49. h5 1-0

[Event "Saturday 28 April Rapid Engine Tour 12+1 Rounds 9 Starts 1600ST"]
[Site "Infinity Chess"]
[Date "2018.4.28"]
[Round "4"]
[White "Dovahkiin"]
[Black "KQRBNP"]
[Result "1-0"]
[ECO "B90"]
[WhiteElo "2378"]
[BlackElo "2314"]
[WhiteEngine "BrainFish_180423_x64_modern_CTG"]
[BlackEngine "Eman 1.70-beta27 64-bit POPCNT"]
[EventType "Swiss"]
[WhiteTeam ""]
[BlackTeam ""]
[PlyCount "177"]
[TimeControl "720+1"]

1. e4 c5 2. Nf3 d6 3. d4 cxd4 4. Nxd4 Nf6 5. Nc3 a6 6. Nb3 e6 7. g4 b5 
8. Bg2 Bb7 9. g5 b4 10. Nd5 exd5 11. gxf6 dxe4 12. Rg1 gxf6 13. Qh5 d5 
14. Be3 Qc7 15. O-O-O Nd7 16. Bh3 Ne5 17. Nd4 Nc4 18. Be6 Rd8 19. Kb1 Nxe3 
20. fxe3 Rd6 21. Rg2 Bc6 22. Rf2 Qe7 23. Bc8 Qc7 24. Bxa6 Rg8 25. Bb5 Bd7 
26. Rf5 Qb7 27. Bxd7+ Rxd7 28. Rxf6 Rg6 29. Rff1 Qa6 30. Qe5+ Kd8 31. h4 Bc5 
32. h5 Rgd6 33. Nf5 Ra7 34. a3 f6 35. Qf4 Rdd7 36. Rg1 Bd6 37. Nxd6 Qxd6 
38. Qxd6 Rxd6 39. axb4 Rad7 40. c3 Re6 41. Kc2 Ree7 42. Ra1 Rf7 43. h6 Ke7 
44. Ra6 f5 45. Rg8 Rc7 46. Kd1 Rb7 47. Kd2 Kd7 48. Rg7 Ke7 49. Ra8 Kf6 
50. Rag8 Rfd7 51. Rf8+ Ke6 52. Rg5 d4 53. exd4 Rf7 54. Re8+ Kd6 55. Re5 f4 
56. Rxe4 f3 57. Ke1 Rf6 58. Ra5 Kd7 59. Kf2 Rxh6 60. Kxf3 Rh3+ 61. Kg2 Rh6 
62. b5 Rc7 63. Ra8 Rb6 64. Re5 Rf6 65. Ree8 Rb7 66. c4 Rf7 67. Re5 Rf6 
68. Kg3 Rd6 69. Rae8 Kc7 70. R8e7+ Kc8 71. Rxb7 Kxb7 72. d5 Rg6+ 73. Kf3 Rf6+ 
74. Ke4 Rh6 75. c5 Rh4+ 76. Kf5 Rh5+ 77. Ke6 Rh6+ 78. Ke7 Rg6 79. d6 Rg7+ 
80. Kf8 Rg6 81. c6+ Kb6 82. c7 Kb7 83. Rc5 Rf6+ 84. Ke7 Rf8 85. Kxf8 Kc8 
86. d7+ Kb7 87. c8=Q+ Ka7 88. d8=Q h6 89. b6# 1-0

[Event "Saturday 28 April Rapid Engine Tour 12+1 Rounds 9 Starts 1600ST"]
[Site "Infinity Chess"]
[Date "2018.4.28"]
[Round "4"]
[White "hafaba"]
[Black "Ryzen"]
[Result "1/2-1/2"]
[ECO "B27"]
[WhiteElo "2395"]
[BlackElo "2391"]
[WhiteEngine "Eman 1.70-beta21 64-bit POPCNT_CTG"]
[BlackEngine "Houdini 6"]
[EventType "Swiss"]
[WhiteTeam ""]
[BlackTeam ""]
[PlyCount "71"]
[TimeControl "720+1"]

1. e4 c5 2. Nf3 g6 3. d4 cxd4 4. Nxd4 Nc6 5. Nc3 Bg7 6. Be3 Nf6 7. Bc4 O-O 
8. Bb3 a5 9. f3 d5 10. exd5 Nb4 11. Nde2 a4 12. Nxa4 Nfxd5 13. Bf2 b5 
14. Nac3 Be6 15. Nxb5 Qa5 16. O-O Qxb5 17. c4 Qa6 18. cxd5 Bxd5 19. Bxd5 Nxd5 
20. Qxd5 Qxe2 21. Rae1 Qxb2 22. Rxe7 Rxa2 23. f4 Bf6 24. Rd7 Qe2 25. f5 Rc2 
26. fxg6 hxg6 27. Bc5 Be5 28. Rfxf7 Qxg2+ 29. Qxg2 Rxg2+ 30. Kxg2 Rxf7 
31. Rd8+ Kg7 32. Bd4 Bxd4 33. Rxd4 Rb7 34. Kg3 Rb3+ 35. Kg4 Kh6 36. Kh4 1/2-1/2

[Event "Saturday 28 April Rapid Engine Tour 12+1 Rounds 9 Starts 1600ST"]
[Site "Infinity Chess"]
[Date "2018.4.28"]
[Round "4"]
[White "ocirema"]
[Black "Thinker"]
[Result "1/2-1/2"]
[ECO "A46"]
[WhiteElo "2414"]
[BlackElo "2443"]
[WhiteEngine "asmFishW_2018-04-25_popcnt_CTG"]
[BlackEngine "BrainFish_180418_x64_modern_CTG"]
[EventType "Swiss"]
[WhiteTeam ""]
[BlackTeam ""]
[PlyCount "177"]
[TimeControl "720+1"]

1. d4 Nf6 2. Nf3 d5 3. a3 e6 4. c4 dxc4 5. e3 c5 6. Bxc4 a6 7. dxc5 Qxd1+ 
8. Kxd1 Bxc5 9. b4 Bd6 10. Ke2 b5 11. Bd3 Nbd7 12. Nbd2 Bb7 13. Bb2 O-O 
14. Rhd1 Rfc8 15. g3 Rd8 16. Rac1 Rac8 17. Bb1 Kf8 18. Nd4 h5 19. h4 Ke7 
20. e4 g6 21. N4b3 Ba8 22. Bd4 Ke8 23. Re1 Ke7 24. Rg1 Ke8 25. Rh1 Ke7 
26. Rhg1 Ke8 27. Rgd1 Ke7 28. Bb2 Bb8 29. Bd4 Bd6 30. Na5 Bb8 31. Rxc8 Rxc8 
32. Nab3 Bd6 33. Rc1 Rxc1 34. Nxc1 Bc7 35. Ncb3 Bd6 36. Ba7 Bc7 37. Bd4 Bc6 
38. Be3 Ng4 39. Bd4 Ngf6 40. Be3 Ng4 41. Ba7 Ngf6 42. Bd3 Bd6 43. Be3 Ng4 
44. Ba7 Ngf6 45. Bd4 Ba8 46. Bc2 Bb7 47. Kd3 Ng4 48. Kc3 Bc7 49. Nc1 Ngf6 
50. Ncb3 Bc6 51. Kd3 Kd8 52. Ba7 Ke7 53. Ke2 Bd6 54. Be3 Ng4 55. Bd4 Ngf6 
56. Na5 Ba8 57. Ke1 Ng4 58. Nab3 Ngf6 59. Kf1 Bb7 60. Ke2 Bc6 61. Na5 Ba8 
62. Ke1 Ng4 63. Nab3 Bc6 64. Bc3 Bc7 65. Bb1 Nge5 66. Ke2 Ng4 67. Bd3 Ba8 
68. Bb1 Ngf6 69. Bb2 Bc6 70. Na5 Ba8 71. Bd4 Bd6 72. Nab3 Bc6 73. Bc2 Ba8 
74. Nc5 Nxc5 75. Bxc5 Bxc5 76. bxc5 Nd7 77. Nb3 Ne5 78. Kd2 f6 79. Kc3 g5 
80. Kb4 Nc6+ 81. Kc3 Ne5 82. Bd1 Bxe4 83. Bxh5 g4 84. Na5 f5 85. Kd4 Nf3+ 
86. Ke3 Ne5 87. Kd4 Nf3+ 88. Kc3 Ne5 89. Kd4 1/2-1/2

[Event "Saturday 28 April Rapid Engine Tour 12+1 Rounds 9 Starts 1600ST"]
[Site "Infinity Chess"]
[Date "2018.4.28"]
[Round "4"]
[White "Murx"]
[Black "Deep_Impact"]
[Result "1/2-1/2"]
[ECO "C53"]
[WhiteElo "2501"]
[BlackElo "2464"]
[WhiteEngine "asmFishW_2018-04-07_popcnt"]
[BlackEngine "asmFishW_2018-04-24_bmi2"]
[EventType "Swiss"]
[WhiteTeam ""]
[BlackTeam ""]
[PlyCount "139"]
[TimeControl "720+1"]

1. e4 e5 2. Nf3 Nc6 3. Bc4 Bc5 4. c3 Nf6 5. d3 d6 6. Bg5 h6 7. Bh4 a6 8. b4 Ba7 
9. O-O g5 10. Bg3 Nh7 11. Nbd2 O-O 12. h3 h5 13. d4 g4 14. Bh4 Qd7 15. a4 Kh8 
16. hxg4 hxg4 17. b5 Na5 18. Nh2 exd4 19. cxd4 Bxd4 20. Ra3 Rg8 21. bxa6 Nxc4 
22. Nxc4 Bc5 23. axb7 Bxb7 24. Rg3 Qxa4 25. Qe2 Bc8 26. Qb2+ Rg7 27. Nxg4 Qb4 
28. Bf6 Qxb2 29. Bxb2 f6 30. Nxf6 Rxg3 31. Nh5+ Kg8 32. Nxg3 Nf8 33. Rd1 Ra2 
34. Ra1 Rxa1+ 35. Bxa1 Kf7 36. Bc3 Ba6 37. Na5 Ne6 38. Nb3 Ba7 39. Ba5 Ke7 
40. Nc1 Kf6 41. Nb3 Ke7 42. Be1 Kd7 43. Bd2 Bb6 44. Nc1 Bb5 45. Na2 c6 
46. Nc1 Nd4 47. Nh5 Ke6 48. Kh2 Bc7 49. Bf4 c5 50. f3 Ba5 51. Be3 Kf7 
52. Kh3 Bd7+ 53. Kh2 Bb5 54. Kh3 Be1 55. Nf4 Nc2 56. Bg1 Bd2 57. Nfe2 Ke7 
58. Bh2 Bxe2 59. Nxe2 c4 60. g4 Ne1 61. f4 c3 62. g5 c2 63. Kg4 Nd3 64. e5 dxe5 
65. fxe5 c1=Q 66. Nxc1 Nxe5+ 67. Bxe5 Bxc1 68. g6 Kf8 69. Bf6 Kg8 70. Be7 
1/2-1/2

[Event "Saturday 28 April Rapid Engine Tour 12+1 Rounds 9 Starts 1600ST"]
[Site "Infinity Chess"]
[Date "2018.4.28"]
[Round "4"]
[White "Gilgamesch"]
[Black "KRAKEN"]
[Result "1/2-1/2"]
[ECO "C55"]
[WhiteElo "2481"]
[BlackElo "2544"]
[WhiteEngine "BrainFish_180408_x64_bmi2"]
[BlackEngine "Raubfisch ME262_GTZ17b2_CTG"]
[EventType "Swiss"]
[WhiteTeam ""]
[BlackTeam ""]
[PlyCount "122"]
[TimeControl "720+1"]

1. e4 e5 2. Nf3 Nc6 3. Bc4 Nf6 4. d3 Bc5 5. c3 d6 6. O-O O-O 7. Nbd2 a6 
8. Re1 Na5 9. b4 Nxc4 10. bxc5 Nxd2 11. Bxd2 Re8 12. cxd6 cxd6 13. Bg5 h6 
14. Bh4 Bg4 15. h3 Bxf3 16. Qxf3 Re6 17. c4 b5 18. cxb5 axb5 19. Reb1 Qd7 
20. Qe2 d5 21. Rb4 Ne8 22. Bg3 dxe4 23. dxe4 Nc7 24. Rc1 f6 25. Qc2 Re7 
26. Qb1 Ra3 27. f3 Re8 28. Rb2 Rea8 29. Rc5 b4 30. Rcc2 Rd3 31. Be1 Ne6 
32. Kh2 Nd4 33. Rc5 Rda3 34. Rd5 Qc8 35. Bxb4 Nxf3+ 36. gxf3 Rxf3 37. Kg1 Qxh3 
38. Rg2 Rb8 39. Qb2 Rg3 40. a3 Rc8 41. Rd1 Rc4 42. Re1 Rd4 43. Rxg3 Qxg3+ 
44. Qg2 Qf4 45. Re2 Rd1+ 46. Be1 Ra1 47. a4 Qh4 48. Kf1 Qf4+ 49. Kg1 Rxa4 
50. Qg6 Qg5+ 51. Qxg5 hxg5 52. Kf2 Kf7 53. Kf3 Ra3+ 54. Kg4 Ra4 55. Kf5 g6+ 
56. Kg4 f5+ 57. Kxg5 Rxe4 58. Rxe4 fxe4 59. Kh4 Ke6 60. Bd2 e3 61. Bxe3 e4 
1/2-1/2

[Event "Saturday 28 April Rapid Engine Tour 12+1 Rounds 9 Starts 1600ST"]
[Site "Infinity Chess"]
[Date "2018.4.28"]
[Round "4"]
[White "Eman"]
[Black "Medusa"]
[Result "1/2-1/2"]
[ECO "D31"]
[WhiteElo "2459"]
[BlackElo "2460"]
[WhiteEngine "Eman 1.70-beta27 64-bit BMI2"]
[BlackEngine "Eman 1.70-beta23 64-bit POPCNT"]
[EventType "Swiss"]
[WhiteTeam ""]
[BlackTeam ""]
[PlyCount "130"]
[TimeControl "720+1"]

1. d4 d5 2. c4 e6 3. Nc3 c6 4. e4 dxe4 5. Nxe4 Bb4+ 6. Nc3 c5 7. a3 Ba5 
8. Nf3 Nf6 9. Be2 Ne4 10. Bd2 Bxc3 11. bxc3 b6 12. Qa4+ Qd7 13. Qc2 Nxd2 
14. Qxd2 cxd4 15. cxd4 Bb7 16. O-O O-O 17. Qe3 Rd8 18. Rad1 Qd6 19. c5 Qd5 
20. Rc1 Nc6 21. Bc4 Qh5 22. Rfd1 h6 23. Be2 Qd5 24. Bc4 Qh5 25. d5 exd5 
26. Bd3 Na5 27. h4 Qg4 28. Ne5 d4 29. Nxg4 dxe3 30. Nxe3 Nb3 31. c6 Nxc1 
32. cxb7 Rab8 33. Rxc1 Rxd3 34. Rc8+ Rd8 35. Nf5 Kf8 36. Rc7 b5 37. Kh2 a5 
38. Ne7 Rd6 39. Rc8+ Kxe7 40. Rxb8 Rb6 41. Ra8 Rxb7 42. Rxa5 Kd6 43. Ra6+ Kc5 
44. f3 Rc7 45. g4 Kd5 46. Kg3 Kc4 47. Ra5 g6 48. Ra6 Kd5 49. h5 gxh5 
50. gxh5 Rc6 51. Ra5 Kc4 52. Kg4 Rc5 53. Ra6 Rg5+ 54. Kh4 Rf5 55. Rxh6 Rxf3 
56. Rc6+ Kd4 57. h6 Rxa3 58. Rc8 Ra6 59. Kg5 Ra1 60. Rc7 b4 61. h7 Ra5+ 
62. Kf4 Rh5 63. Rxf7 Kc4 64. Kg4 Rh1 65. Rb7 Kb3 1/2-1/2

[Event "Saturday 28 April Rapid Engine Tour 12+1 Rounds 9 Starts 1600ST"]
[Site "Infinity Chess"]
[Date "2018.4.28"]
[Round "4"]
[White "KhalidOmar"]
[Black "star99"]
[Result "1/2-1/2"]
[ECO "C43"]
[WhiteElo "2461"]
[BlackElo "2467"]
[WhiteEngine "Eman 1.70-beta27 64-bit BMI2"]
[BlackEngine "Cryptic Heroes 9.4B"]
[EventType "Swiss"]
[WhiteTeam ""]
[BlackTeam ""]
[PlyCount "146"]
[TimeControl "720+1"]

1. e4 e5 2. Nf3 Nf6 3. d4 Nxe4 4. Nxe5 d5 5. Qf3 Be6 6. Nd2 Nxd2 7. Bxd2 Nd7 
8. Nd3 Bd6 9. Nf4 Qf6 10. Nxe6 fxe6 11. Qxf6 gxf6 12. Be2 h5 13. c3 Kf7 
14. h4 f5 15. g3 Rac8 16. Rc1 Nf6 17. Bf3 b5 18. Be3 a5 19. Be2 c6 20. a3 Ne4 
21. Kd1 Ke7 22. Rh2 b4 23. cxb4 axb4 24. axb4 Bxb4 25. Ra1 Rc7 26. Rg2 Bd6 
27. Bc1 Rb7 28. Ra5 Kd7 29. Kc2 Rc8 30. Kd1 Rh8 31. Kc2 Rc8 32. Kd1 Rb4 
33. Ra7+ Rc7 34. Rxc7+ Bxc7 35. Bxh5 Rxd4+ 36. Kc2 Rc4+ 37. Kb1 Be5 38. Bf3 Rd4 
39. Kc2 Nc5 40. Be3 Rc4+ 41. Kb1 Kd6 42. Bd1 Ne4 43. Bh6 Rd4 44. Kc1 c5 
45. f3 Nxg3 46. f4 Rxf4 47. Bxf4 Bxf4+ 48. Kb1 Ke7 49. h5 Ne4 50. Ka2 Kf6 
51. Ka3 Bc1 52. Ka4 c4 53. Kb5 Bg5 54. Kc6 Nd2 55. Rf2 Bh6 56. Rg2 Be3 
57. Kd7 Ne4 58. Kc6 d4 59. Kb5 c3 60. Bb3 cxb2 61. Rxb2 d3 62. Kc4 d2 
63. Kd3 Nf2+ 64. Ke2 f4 65. Bc2 f3+ 66. Kxf3 d1=Q+ 67. Bxd1 Nxd1 68. Rb8 Bg5 
69. Rb3 e5 70. h6 e4+ 71. Kxe4 Bxh6 72. Kf3 Kf5 73. Ke2 Ne3 1/2-1/2

[Event "Saturday 28 April Rapid Engine Tour 12+1 Rounds 9 Starts 1600ST"]
[Site "Infinity Chess"]
[Date "2018.4.28"]
[Round "3"]
[White "KQRBNP"]
[Black "ocirema"]
[Result "1/2-1/2"]
[ECO "C77"]
[WhiteElo "2310"]
[BlackElo "2418"]
[WhiteEngine "Eman 1.70-beta27 64-bit POPCNT"]
[BlackEngine "asmFishW_2018-04-25_popcnt_CTG"]
[EventType "Swiss"]
[WhiteTeam ""]
[BlackTeam ""]
[PlyCount "127"]
[TimeControl "720+1"]

1. e4 e5 2. Nf3 Nc6 3. Bb5 a6 4. Ba4 Nf6 5. O-O Be7 6. Re1 b5 7. Bb3 O-O 
8. c3 d5 9. exd5 Nxd5 10. Nxe5 Nxe5 11. Rxe5 c6 12. Re1 Bd6 13. d3 Bf5 
14. g3 Re8 15. Rxe8+ Qxe8 16. Bxd5 cxd5 17. Be3 h6 18. Nd2 Bxd3 19. Nb3 Qe4 
20. Bc5 Bc7 21. Qd2 Re8 22. Nd4 Qg6 23. f3 h5 24. Re1 Rxe1+ 25. Qxe1 Kh7 
26. Kg2 Bc4 27. b3 Bd3 28. Qe7 Qh6 29. f4 Be4+ 30. Kf1 Bxf4 31. gxf4 Qxf4+ 
32. Ke1 Qc1+ 33. Kf2 Qxc3 34. Ne2 Qf3+ 35. Ke1 f6 36. Bd4 Bd3 37. Qe3 Qh1+ 
38. Ng1 Bb1 39. Qe2 Qe4 40. Qxe4+ dxe4 41. Kd2 Kh6 42. Nh3 h4 43. a3 a5 
44. Nf2 a4 45. bxa4 bxa4 46. Nd1 Kg5 47. Nc3 Bd3 48. Nxa4 Kg4 49. Nc5 Bb1 
50. Kc3 Ba2 51. Be3 Bd5 52. Kd4 Bc6 53. Nxe4 Kf3 54. Nd6 Kg2 55. Kc5 Bd7 
56. a4 Bxa4 57. Nf5 h3 58. Bf4 g5 59. Bg3 Bd7 60. Ne3+ Kg1 61. Nd5 f5 62. Bc7 f4 
63. Nxf4 gxf4 64. Bxf4 1/2-1/2

[Event "Saturday 28 April Rapid Engine Tour 12+1 Rounds 9 Starts 1600ST"]
[Site "Infinity Chess"]
[Date "2018.4.28"]
[Round "3"]
[White "Ryzen"]
[Black "Dovahkiin"]
[Result "1/2-1/2"]
[ECO "A06"]
[WhiteElo "2392"]
[BlackElo "2377"]
[WhiteEngine "Houdini 6"]
[BlackEngine "BrainFish_180423_x64_modern_CTG"]
[EventType "Swiss"]
[WhiteTeam ""]
[BlackTeam ""]
[PlyCount "180"]
[TimeControl "720+1"]

1. Nf3 d5 2. Ng1 e5 3. e3 Bd6 4. d4 exd4 5. exd4 Nc6 6. c3 Nf6 7. Bd3 O-O 
8. Ne2 Ne7 9. O-O Ng6 10. Nd2 Re8 11. Re1 c6 12. Nf1 Bd7 13. Bxg6 hxg6 
14. Bf4 Bf8 15. f3 Nh5 16. Be3 Bd6 17. Qd2 b6 18. g4 Nf6 19. Bf4 Be7 20. Bg3 Nh7 
21. Nf4 Bc8 22. h4 g5 23. hxg5 Nxg5 24. Qd3 Be6 25. Kg2 Bd6 26. Nh5 Nh7 
27. Re2 g6 28. Nf4 Ng5 29. Rae1 Kh7 30. Qd2 Qf6 31. Rf2 Bd7 32. Nxd5 cxd5 
33. Rxe8 Rxe8 34. Bxd6 Qxd6 35. Qxg5 f6 36. Qd2 Bb5 37. Ng3 Kg7 38. f4 Bc4 
39. g5 fxg5 40. fxg5 Re6 41. a3 Qe7 42. Qf4 Bd3 43. Rd2 Bb5 44. Rc2 Qf8 
45. Qg4 Qf7 46. Rd2 Qe8 47. Qh4 Kg8 48. Rf2 Qe7 49. Qf4 Re1 50. Qd2 Re6 
51. Rf4 Bc4 52. Rh4 Re3 53. Rh6 Qxg5 54. Rxg6+ Qxg6 55. Qxe3 Kf7 56. Qe5 Qc2+ 
57. Kf3 Qd1+ 58. Kf4 Qd2+ 59. Kg4 Qg2 60. b4 Bb3 61. Qf4+ Kg6 62. Qf5+ Kg7 
63. Qb1 Qc2 64. Nh5+ Kf7 65. Qf1+ Ke7 66. Qe1+ Kd6 67. Nf4 Qd1+ 68. Qxd1 Bxd1+ 
69. Kf5 Bf3 70. Ng6 Be4+ 71. Kf6 Kc6 72. a4 Bc2 73. Ne7+ Kd6 74. Nc8+ Kc7 
75. Nxa7 Bxa4 76. b5 Kd6 77. Nc8+ Kc7 78. Ne7 Bxb5 79. Ke5 Bc4 80. Nxd5+ Kc6 
81. Ne7+ Kd7 82. Ng6 Kc6 83. Ke4 Bd5+ 84. Kd3 b5 85. Ne5+ Kd6 86. Kc2 Be6 
87. Kb2 b4 88. cxb4 Kc7 89. Kc3 Kb6 90. b5 Kxb5 1/2-1/2

[Event "Saturday 28 April Rapid Engine Tour 12+1 Rounds 9 Starts 1600ST"]
[Site "Infinity Chess"]
[Date "2018.4.28"]
[Round "3"]
[White "KhalidOmar"]
[Black "hafaba"]
[Result "1-0"]
[ECO "C19"]
[WhiteElo "2447"]
[BlackElo "2409"]
[WhiteEngine "Eman 1.70-beta27 64-bit BMI2"]
[BlackEngine "Eman 1.70-beta21 64-bit POPCNT_CTG"]
[EventType "Swiss"]
[WhiteTeam ""]
[BlackTeam ""]
[PlyCount "135"]
[TimeControl "720+1"]

1. e4 e6 2. d4 d5 3. Nc3 Bb4 4. e5 c5 5. a3 Bxc3+ 6. bxc3 Ne7 7. Qg4 Qc7 
8. Qxg7 Rg8 9. Qxh7 cxd4 10. Ne2 Nbc6 11. f4 Bd7 12. Qd3 dxc3 13. Qxc3 Nf5 
14. Ng3 d4 15. Qc4 Nxg3 16. hxg3 Rc8 17. Bd2 Qb6 18. Qb3 Qxb3 19. cxb3 Rxg3 
20. Rh8+ Ke7 21. Rxc8 Bxc8 22. b4 Kd8 23. Kf2 Rb3 24. Bc4 Rb2 25. Ra2 Rxa2 
26. Bxa2 Ne7 27. Bc4 Kc7 28. Bc1 Bd7 29. Bb2 Nf5 30. Be2 Ba4 31. Bh5 Be8 
32. g4 Ng7 33. Bxd4 b6 34. Ke3 Kc6 35. a4 a6 36. Kf3 b5 37. Kg3 Kd5 38. Bb2 Ke4 
39. a5 Ke3 40. Kh4 Kxf4 41. Bc1+ Kxe5 42. Bb2+ Kd5 43. Bxg7 e5 44. Kg3 Kc4 
45. Bf8 Kd3 46. Bc5 Ke4 47. Bb6 Kd5 48. g5 Ke6 49. Bg4+ Kd5 50. Bc5 Bc6 
51. Bc8 Ba8 52. Bxa6 Kc6 53. Kg4 Kc7 54. Bxb5 e4 55. Kf4 e3 56. Kxe3 Bd5 
57. Kf4 Bh1 58. Ke5 Bb7 59. Bb6+ Kc8 60. Kd6 Kb8 61. Bd7 Be4 62. a6 Bh1 
63. Bc6 Bxc6 64. Kxc6 Ka8 65. a7 f6 66. g6 f5 67. g7 f4 68. g8=Q# 1-0

[Event "Saturday 28 April Rapid Engine Tour 12+1 Rounds 9 Starts 1600ST"]
[Site "Infinity Chess"]
[Date "2018.4.28"]
[Round "3"]
[White "Thinker"]
[Black "Deep_Impact"]
[Result "1/2-1/2"]
[ECO "C55"]
[WhiteElo "2442"]
[BlackElo "2465"]
[WhiteEngine "BrainFish_180418_x64_modern_CTG"]
[BlackEngine "asmFishW_2018-04-24_bmi2"]
[EventType "Swiss"]
[WhiteTeam ""]
[BlackTeam ""]
[PlyCount "146"]
[TimeControl "720+1"]

1. e4 e5 2. Nf3 Nc6 3. Bc4 Nf6 4. d3 Bc5 5. c3 d6 6. O-O a5 7. Re1 Ba7 
8. Nbd2 O-O 9. Nf1 Be6 10. Bxe6 fxe6 11. Ng3 a4 12. Be3 Bxe3 13. Rxe3 Ne7 
14. d4 Ng6 15. h3 Nd7 16. Qe2 Qe8 17. Rd1 Ra6 18. Qc4 c6 19. Qd3 Nf4 
20. Qf1 exd4 21. cxd4 Qg6 22. Qc4 Nb6 23. Qc3 d5 24. Ne5 Qg5 25. Qc2 Ra5 
26. Nf3 Qg6 27. Ne5 Qg5 28. Kh2 dxe4 29. Rxe4 Rb5 30. Rd2 Nbd5 31. Nd7 Rf7 
32. Nc5 Qh6 33. Re5 Ra5 34. Nge4 Ra8 35. Rg5 a3 36. Rg4 b6 37. Nd3 Nxd3 
38. Qxd3 Rf4 39. Rxf4 Qxf4+ 40. g3 Qf8 41. bxa3 Qxa3 42. Qc4 Rc8 43. Ng5 Qe7 
44. Nf3 b5 45. Qd3 Qf8 46. Qe2 Qd6 47. Ng5 h6 48. Ne4 Qe7 49. Nc5 Re8 
50. Qe1 Qf6 51. Qc1 Re7 52. Qa3 Kh7 53. Qa8 e5 54. dxe5 Qg5 55. Nb3 Re6 
56. a4 Ne3 57. fxe3 Qxe3 58. axb5 Rg6 59. g4 Qxe5+ 60. Kg2 Qe4+ 61. Kh2 Qe5+ 
62. Kg2 Qe4+ 63. Kg1 Qe3+ 64. Kg2 Rf6 65. Qa2 Qf3+ 66. Kh2 Qf4+ 67. Kg2 Qf3+ 
68. Kh2 Qf4+ 69. Kg2 Qe4+ 70. Kh2 Qe5+ 71. Kh1 Qe1+ 72. Kg2 Qf1+ 73. Kh2 Qf4+ 
1/2-1/2

[Event "Saturday 28 April Rapid Engine Tour 12+1 Rounds 9 Starts 1600ST"]
[Site "Infinity Chess"]
[Date "2018.4.28"]
[Round "3"]
[White "Gilgamesch"]
[Black "Murx"]
[Result "1/2-1/2"]
[ECO "C50"]
[WhiteElo "2480"]
[BlackElo "2502"]
[WhiteEngine "BrainFish_180408_x64_bmi2"]
[BlackEngine "asmFishW_2018-04-07_popcnt"]
[EventType "Swiss"]
[WhiteTeam ""]
[BlackTeam ""]
[PlyCount "99"]
[TimeControl "720+1"]

1. e4 e5 2. Nf3 Nc6 3. Bc4 Bc5 4. O-O Nf6 5. Re1 O-O 6. d3 a5 7. Nbd2 h6 
8. Nf1 Ng4 9. Re2 d6 10. h3 Nf6 11. c3 Bb6 12. Ng3 a4 13. Bb5 Bd7 14. Re1 Ne7 
15. Bxd7 Qxd7 16. d4 Qb5 17. Qc2 exd4 18. Nxd4 Qa5 19. Bd2 Rfe8 20. Rad1 Ng6 
21. Ndf5 Qe5 22. Qc1 Re6 23. c4 h5 24. Bc3 Qf4 25. Qxf4 Nxf4 26. e5 dxe5 
27. Rxe5 Rae8 28. Rxe6 fxe6 29. Nh4 e5 30. Kf1 g5 31. Nf3 g4 32. Ng5 gxh3 
33. gxh3 Kg7 34. N3e4 Kg6 35. c5 Ba7 36. h4 Ne6 37. Nxf6 Kxf6 38. Rd7 Bxc5 
39. Ne4+ Kf5 40. Nxc5 Nxc5 41. Rxc7 b6 42. Rf7+ Kg4 43. Rg7+ Kxh4 44. f3 Kh3 
45. Be1 Nd3 46. Rg3+ Kh2 47. Rg2+ Kh3 48. Rg3+ Kh2 49. Rg2+ Kh3 50. Rg3+ 1/2-1/2